cohdb
Replays
Latest Replays
All Replays
Popular Replays
Top Player Replays
Match Explorer
How It Works
Community
CoH3 Stats
Reddit
Sign in to upload your games and track your stats! →
Sign in with Steam
Match 41018355
Unlisted
Match 41018355
Overview
Messages
Build Orders
End
Construct Infanterie Kompanie
Grenadier Squad
MG 42 Machine Gun Team
Grenadier Squad
MG 42 Machine Gun Team
Selects Terror Battlegroup
Selects Machine Gun Camouflage
Selects Interrogate
Construct Panzergrenadier Kompanie
MG 42 Bunker
MG 42 Bunker
Panzergrenadier Squad
Construct Panzer Kompanie
Selects Propaganda Leaflet Drop
Panzer IV Medium Tank
Medical Station
Panzer IV Medium Tank
Selects V1 Rocket Strike
Stoßtruppen Squad
Panzer IV Medium Tank
V1 Rocket Strike
Selects No Quarter
Sturmpanzer IV Brummbär
Side Skirts
Panzer Officer Quarters
Carmo
NOIRAZAN
Khayyam
Barbar Jinks
0
0
Comments
sign in to comment!
No comments posted yet!